 Dungeon Crawl Stone Soup version 0.19.1 (webtiles) character file.

110589 JGreham the Severer (level 16, -8/132 HPs)
             Began as a Demonspawn Chaos Knight on Dec 25, 2016.
             Mangled by an acid blob (28 damage)
             ... on level 5 of the Pits of Slime.
             The game lasted 02:03:00 (25604 turns).

JGreham the Severer (Demonspawn Chaos Knight)      Turns: 25604, Time: 02:03:05

Health: -8/132     AC:  8    Str: 25    XL:     16   Next: 7%
Magic:  0/16       EV:  9    Int: 21    God:    Xom [.....*]
Gold:   528        SH: 11    Dex: 16    Spells: 0 memorised, 15 levels left

rFire  + . .     SeeInvis +     q - +5 war axe (elec)
rCold  . . .     Gourm    .     k - +6 plate armour
rNeg   . . .     Faith    .     P - +3 buckler of Mijaoxok {-Cast rCorr SInv}
rPois  +         Spirit   +     (helmet unavailable)
rElec  .         Reflect  +     g - +0 cloak
rCorr  +         Harm     .     (gloves unavailable)
MR     +....     NoCast   +     (boots unavailable)
Stlth  ..........               C - amulet "Intoamna" {Reflect rF+ Str+4 Int+2 SH+3}
                                K - +5 ring of slaying
                                e - +2 ring of strength

@: corroded
A: claws 3, horns 3, talons 3, camouflage 1, agile 2, blurry vision 1, clever 2,
deterioration 1, foul stench 1, sense surroundings 1, poison resistance,
evolution 1, magic shield, magic regeneration, magic link, rot immunity,
MP-powered wands
a: Renounce Religion


You were on level 5 of the Pits of Slime.
You worshipped Xom.
You were Xom's teddy bear.
You were full.

You visited 6 branches of the dungeon, and saw 28 of its levels.

You collected 1793 gold pieces.
You spent 1265 gold pieces at shops.

Inventory:

Hand Weapons
 a - a +1 spear of freezing
 q - a +5 war axe of electrocution (weapon)
 M - a +1 battleaxe of distortion
Armour
 d - a +2 pair of gloves
 g - a +0 cloak (worn)
 k - a +6 plate armour (worn)
 p - a cursed +2 pair of boots of flying
 I - a +3 chain mail of poison resistance
 P - the +3 buckler of Mijaoxok (worn) {-Cast rCorr SInv}
   (Xom gifted it to you on level 10 of the Dungeon)

   It lets you see invisible.
   It prevents spellcasting.
   It protects you from acid and corrosion.
Jewellery
 b - an uncursed ring of protection from magic
 e - a +2 ring of strength (left claw)
 i - an uncursed ring of protection from magic
 j - an uncursed amulet of regeneration
 A - a +3 ring of evasion
 C - the amulet "Intoamna" (around neck) {Reflect rF+ Str+4 Int+2 SH+3}
   (You bought it in a shop on level 10 of the Dungeon)

   [amulet of reflection]

   It shields you and reflects attacks.
   It affects your strength (+4).
   It affects your intelligence (+2).
   It protects you from fire.
   It affects your SH (+3).
 J - an uncursed ring of magical power {unknown}
 K - a +5 ring of slaying (right claw)
 O - an uncursed ring of stealth {unknown}
Wands
 v - a wand of iceblast (6/15)
 B - a wand of polymorph (19/24)
 D - a wand of acid (0/15)
 G - a wand of confusion (14/48)
 H - a wand of iceblast (4/15)
 N - a wand of confusion (25/48)
 V - a wand of lightning (7/15)
 X - a wand of paralysis (14/24)
Scrolls
 y - 8 scrolls of remove curse
 Q - a scroll of amnesia
 S - a scroll of fear
Potions
 c - 5 potions of curing
 f - a potion of invisibility
 h - 2 potions of lignification
 m - 8 potions of agility
 n - 4 potions of might
 r - a potion of cancellation
 s - a potion of magic {unknown}
 u - 4 potions of brilliance
 z - a potion of flight {unknown}
 F - a potion of haste {unknown}
 T - 2 potions of resistance
 U - a potion of cure mutation {unknown}
Books
 l - a book of Debilitation

   Spells                             Type                      Level
   a - Corona                         Hexes                        1
   b - Slow                           Hexes                        2
   c - Gell's Gravitas                Hexes/Translocation          3
   d - Inner Flame                    Hexes/Fire                   3
   e - Cause Fear                     Hexes                        4
   f - Leda's Liquefaction            Hexes/Earth                  4
 t - a book of Callings

   Spells                             Type                      Level
   a - Summon Small Mammal            Summoning                    1
   b - Call Imp                       Summoning                    2
   c - Call Canine Familiar           Summoning                    3
   d - Summon Guardian Golem          Hexes/Summoning              3
   e - Summon Lightning Spire         Summoning/Air                4
   f - Summon Ice Beast               Ice/Summoning                4
 R - a book of Summonings

   Spells                             Type                      Level
   a - Recall                         Summoning/Translocation      3
   b - Aura of Abjuration             Summoning                    5
   c - Summon Demon                   Summoning                    5
   d - Summon Forest                  Summoning/Translocation      5
   e - Summon Mana Viper              Hexes/Summoning              5
   f - Shadow Creatures               Summoning                    6
 W - a book of Flames

   Spells                             Type                      Level
   a - Flame Tongue                   Conjuration/Fire             1
   b - Throw Flame                    Conjuration/Fire             2
   c - Conjure Flame                  Conjuration/Fire             3
   d - Inner Flame                    Hexes/Fire                   3
   e - Sticky Flame                   Conjuration/Fire             4
   f - Fireball                       Conjuration/Fire             5
Miscellaneous
 Y - a crystal ball of energy
Comestibles
 o - 5 bread rations
 w - 7 meat rations


   Skills:
 * Level 13.8 Fighting
 * Level 16.7(16.9) Axes
   Level 3.7(11.8) Maces & Flails
 * Level 14.0 Armour
 - Level 1.8 Dodging
 - Level 3.9 Stealth
 * Level 3.6 Shields
 + Level 1.0 Unarmed Combat
 + Level 1.3 Evocations


You had 15 spell levels left.
You didn't know any spells.

Dungeon Overview and Level Annotations

Branches:
Dungeon (13/15)            Temple (1/1) D:4            Lair (6/6) D:8
 Spider (0/4) Lair:4        Slime (5/5) Lair:5          Orc (2/2) D:10
    Elf (1/3) Orc:2
  Swamp: Lair:2-4    Shoals: Lair:2-4    Vaults: D:13-14

Altars:
Elyvilon
Gozag
Makhleb
Nemelex Xobeh
Okawaru
Qazlal
Vehumet
Xom
Yredelemnul
Zin
Beogh

Shops:
D:4 *   D:9 !   D:10 =   Orc:2 %([*:

Annotations:
Lair:3 exclusion: oklob plant


Innate Abilities, Weirdness & Mutations

You have claws for hands.
You have a pair of large horns on your head.
You have claws for feet.
You may emit foul miasma when damaged in melee.
When hurt, damage is shared between your health and your magic reserves.
You regenerate magic rapidly.
When low on magic, you restore magic in place of health.
You are immune to rotting.
Your skin changes colour to match your surroundings (Stealth+).
You are very agile. (Dex +4)
Scrolls take you a little longer to read.
Your mind is very acute. (Int +4)
Your body sometimes deteriorates upon taking damage.
You passively map a small area around you.
Your system is resistant to poisons. (rPois)
You evolve.
You expend magic power (3 MP) to strengthen your wands.


Message History

The acid blob is outlined in light.
The death ooze is outlined in light.
The acid blob jiggles.
The acid blob spits acid at you. The splash of acid hits you! You resist.
* * * LOW HITPOINT WARNING * * *
You are splashed with acid!
The acid burns!
You resist.
* * * LOW HITPOINT WARNING * * *
You are too injured to fight recklessly!
You hit the acid blob.
Your claws burn!
* * * LOW HITPOINT WARNING * * *
You headbutt the acid blob!
The acid blob is lightly wounded.
The acid blob hits you but does no damage.
You hit the acid blob.
There is a sudden explosion of sparks!
Your claws burn!
Your kick misses the acid blob.
You headbutt the acid blob, but do no damage.
The acid blob is moderately wounded.
The acid blob hits you!!
You die...
Xom bursts into laughter!

..........................#.# ##.
............................##...
.........................<.......
.........,.......................
..####.##**#.....................
,* ,**, #....................
**,,, *, , *#...................
, ,**,, *, ,##.J................
,,,,,*, ,, ,,##@................
, ,**,, *,,,,*#J................
,* *,*,* , *#.................
*** *,, * **###J................
* ,, ,,_,*,,,#...................
,,*,,, ,, ,#...#.................
**** * *#####.................
*,,* ** , ,,**#.................
, ,* ,,* , ,,*#.................


You could see 2 acid blobs and a death ooze.

Vanquished Creatures
  6 acid blobs
  A storm dragon (Lair:5)
  4 azure jellies
  An orc warlord (Orc:1)
  Azrael (D:12)
  6 dire elephants (Lair:6)
  A hydra (Lair:6)
  An ice dragon (Lair:3)
  6 great orbs of eyes
  A centaur warrior (D:11)
  An anaconda (Lair:6)
  2 orc high priests (Orc:2)
  The ghost of eggzz the Cleaver, a journeyman VSFi of Uskayaw (Lair:3)
  An unseen horror (D:7)
  A glowing orange brain (Slime:5)
  5 orc knights
  2 hill giants
  2 orc sorcerers (Orc:2)
  An ugly thing (D:11)
  5 shining eyes
  A faun (Slime:5)
  A cyclops (D:12)
  9 elephants
  A moth of wrath (D:12)
  6 black mambas
  A guardian serpent (Lair:1)
  3 eyes of devastation
  A gargoyle (D:10)
  8 spiny frogs
  8 komodo dragons
  3 rime drakes (Lair:6)
  8 trolls
  2 jumping spiders (Lair:4)
  2 polar bears
  A two-headed ogre (D:9)
  A hornet (D:10)
  Prince Ribbit (D:6)
  65 slime creatures
  6 hippogriffs
  26 blink frogs
  6 dream sheep (Lair:6)
  Sigmund (D:6)
  A redback (Lair:4)
  3 wyverns
  3 hogs (D:11)
  40 yaks
  2 fire elementals (D:12)
  The ghost of JDB the Chopper, an amateur MiBe of Trog (D:12)
  A basilisk (Lair:6)
  A human (D:11)
  18 golden eyes
  A hungry ghost (D:8)
  A mottled dragon (D:11)
  2 wargs (Orc:2)
  10 water moccasins
  5 hell hounds (D:12)
  8 porcupines
  A floating eye (Slime:5)
  25 orc warriors
  4 ice beasts
  4 phantoms
  3 black bears
  2 sky beasts
  An eye of draining (shapeshifter) (Lair:6)
  4 eyes of draining
  6 ogres
  7 centaurs
  12 crocodiles
  A big kobold (D:11)
  A big kobold (shapeshifter) (D:6)
  A wyvern zombie (D:10)
  14 bullfrogs
  4 scorpions
  10 killer bees
  A howler monkey (D:11)
  5 wights (D:10)
  3 electric eels
  4 crimson imps
  A bullfrog zombie (D:12)
  4 jellies
  A bullfrog skeleton (D:10)
  9 hounds
  5 orc priests
  4 centaur skeletons
  An iron imp (D:4)
  15 orc wizards
  7 iguanas
  15 worker ants
  A hound zombie (D:10)
  A hound skeleton (D:7)
  7 gnolls
  6 adders
  A shadow imp (D:6)
  An ooze (D:4)
  4 worms
  An adder skeleton (D:6)
  An adder zombie (D:7)
  A dart slug (D:1)
  4 leopard geckos
  55 orcs
  A ball python (D:2)
  6 giant cockroaches
  10 hobgoblins
  9 jackals
  11 kobolds
  A quokka (D:9)
  5 bats
  6 frilled lizards
  6 goblins
  A jackal zombie (D:6)
  A leopard gecko skeleton (D:4)
  A quokka skeleton (D:4)
  9 rats
  15 fungi
  8 plants
655 creatures vanquished.

Vanquished Creatures (collateral kills)
  A slime creature (Slime:2)
  A yak (D:9)
  An orc warrior (Orc:2)
3 creatures vanquished.

Vanquished Creatures (others)
  A dancing weapon (Orc:2)
  2 slime creatures (Slime:3)
  A yak (D:10)
  A floating eye (shapeshifter) (D:8)
  An ogre (D:8)
  A centaur skeleton (D:12)
  An orc (D:10)
  9 fungi
  5 plants
22 creatures vanquished.

Grand Total: 680 creatures vanquished

Notes
Turn   | Place    | Note
-------+----------+-------------------------------------------
     0 | D:1      | JGreham the Demonspawn Chaos Knight began the quest for the Orb.
     0 | D:1      | Reached XP level 1. HP: 18/18 MP: 1/1
   142 | D:1      | Reached skill level 3 in Axes
   144 | D:1      | Gained mutation: You have a pair of small horns on your head. [demonic ancestry]
   144 | D:1      | Reached XP level 2. HP: 18/24 MP: 2/2
   251 | D:1      | XOM: harmless Divn miscast
   258 | D:1      | XOM: summons 2 hostile shadow creatures
   260 | D:1      | XOM: smoke on damage
   448 | D:1      | Reached skill level 1 in Dodging
  1047 | D:2      | Gained mutation: You have sharp fingernails. [demonic ancestry]
  1047 | D:2      | Reached XP level 3. HP: 29/29 MP: 3/3
  1100 | D:2      | Found a radiant altar of Vehumet.
  1100 | D:2      | XOM: 5-stop teleportation journey
  1187 | D:2      | XOM: chaos upgrade
  1258 | D:2      | XOM: noise
  1339 | D:2      | XOM: butterfly on damage
  1342 | D:2      | Gained mutation: You are immune to rotting. [demonic ancestry]
  1342 | D:2      | Reached XP level 4. HP: 21/35 MP: 4/4
  1789 | D:2      | XOM: torment (19/35 hp)
  1910 | D:3      | XOM: mild Hex miscast
  2190 | D:3      | Found a basalt altar of Yredelemnul.
  2372 | D:3      | XOM: 3-stop teleportation journey
  2501 | D:3      | XOM: harmless Necr miscast
  2890 | D:4      | Found a staircase to the Ecumenical Temple.
  2894 | D:4      | XOM: give mutations
  2894 | D:4      | Gained mutation: You are weak. (Str -2) [Xom's mischief]
  2894 | D:4      | Gained mutation: Your body sometimes deteriorates upon taking damage. [Xom's mischief]
  2936 | D:4      | Reached skill level 4 in Axes
  2936 | D:4      | Gained mutation: When hurt, damage is shared between your health and your magic reserves. [demonic ancestry]
  2936 | D:4      | Reached XP level 5. HP: 21/41 MP: 5/5
  2980 | Temple   | Entered the Ecumenical Temple
  3012 | D:4      | Found Ostraf's Assorted Antiques.
  3012 | D:4      | Noticed Grinder
  3035 | D:4      | Noticed Grinder
  3035 | D:4      | Grinder changed into Grinder the iron imp
  3042 | D:4      | Killed Grinder the iron imp
  3057 | D:4      | Bought a scroll of remove curse for 84 gold pieces
  3057 | D:4      | Bought a scroll of identify for 56 gold pieces
  3075 | D:4      | Noticed an ogre
  3083 | D:4      | Killed an ogre
  3083 | D:4      | Reached skill level 1 in Stealth
  3083 | D:4      | Gained mutation: You have sharp toenails. [demonic ancestry]
  3083 | D:4      | Reached XP level 6. HP: 30/48 MP: 3/6
  3175 | D:4      | XOM: enchant monster (bad)
  3180 | D:4      | XOM: stat loss: -1 Str (13/14)
  3236 | D:4      | Found a white marble altar of Elyvilon.
  3285 | D:4      | Reached skill level 5 in Axes
  3538 | D:4      | Found a stormy altar of Qazlal.
  3542 | D:4      | XOM: divination: detect items
  3554 | D:4      | Gained mutation: You have razor-sharp toenails. [demonic ancestry]
  3554 | D:4      | Reached XP level 7. HP: 49/54 MP: 4/7
  3783 | D:5      | Entered Level 5 of the Dungeon
  3787 | D:5      | XOM: mild Ice miscast
  3824 | D:5      | XOM: mild Conj miscast
  3884 | D:5      | Found an opulent altar of Gozag.
  4467 | D:6      | XOM: swap monsters
  4508 | D:6      | Reached skill level 6 in Axes
  4524 | D:6      | Noticed Prince Ribbit
  4540 | D:6      | XOM: scenery: 1 doors open
  4563 | D:6      | Killed Prince Ribbit
  4563 | D:6      | Gained mutation: You may emit foul miasma when damaged in melee. [demonic ancestry]
  4563 | D:6      | Reached XP level 8. HP: 24/61 MP: 4/8
  4621 | D:6      | XOM: cloud trail
  4676 | D:6      | Reached skill level 7 in Axes
  4715 | D:6      | XOM: give mutations
  4715 | D:6      | Gained mutation: You are agile. (Dex +2) [Xom's grace]
  4715 | D:6      | Gained mutation: Your mind is acute. (Int +2) [Xom's grace]
  4715 | D:6      | Gained mutation: Your mind is very acute. (Int +4) [Xom's grace]
  4715 | D:6      | Gained mutation: You evolve. [Xom's grace]
  4864 | D:6      | Reached skill level 5 in Fighting
  4870 | D:6      | Reached skill level 5 in Armour
  4882 | D:6      | Gained mutation: You are very agile. (Dex +4) [potion of mutation]
  4920 | D:6      | XOM: 3-stop teleportation journey
  4923 | D:6      | XOM: polymorph bullfrog -> big kobold
  4976 | D:6      | Noticed Sigmund
  5028 | D:6      | Killed Sigmund
  5059 | D:6      | XOM: mild Chrm miscast
  5106 | D:6      | XOM: mild Tmut miscast
  5158 | D:6      | Found a glowing silver altar of Zin.
  5539 | D:6      | Reached skill level 8 in Axes
  5704 | D:7      | XOM: medium Summ miscast
  5705 | D:7      | Noticed a small abomination
  5742 | D:7      | XOM: give mutations
  5742 | D:7      | Gained mutation: Your body often deteriorates upon taking damage. [Xom's mischief]
  5742 | D:7      | Lost mutation: You are very agile. (Dex +4) [Xom's mischief]
  5742 | D:7      | Lost mutation: You evolve. [Xom's mischief]
  5805 | D:7      | Found a faded altar of an unknown god.
  5805 | D:7      | Found a faded altar of an unknown god.
  5813 | D:7      | Found a faded altar of an unknown god.
  5817 | D:7      | Found a faded altar of an unknown god.
  5819 | D:7      | Found a burning altar of Makhleb.
  5912 | D:7      | Killed an unseen horror
  5912 | D:7      | Gained mutation: You have a pair of horns on your head. [demonic ancestry]
  5912 | D:7      | Reached XP level 9. HP: 26/69 MP: 2/9
  6035 | D:7      | XOM: 1-stop teleportation journey
  6069 | D:7      | XOM: chaos cloud
  6071 | D:7      | Paralysed by you for 7 turns
  6106 | D:7      | Gained mutation: Your magical capacity is low. (-10% MP) [mutagenic glow]
  6181 | D:8      | Noticed Maurice
  6187 | D:8      | XOM: mild Conj miscast
  6191 | D:8      | XOM: confusion
  6243 | D:8      | XOM: destruction
  6245 | D:8      | XOM: enchant monster (bad)
  6297 | D:8      | Maurice changed into Maurice the steam dragon
  6339 | D:8      | Noticed Maurice
  6339 | D:8      | Maurice the tengu changed into Maurice the glowing shapeshifter
  6339 | D:8      | Noticed Maurice
  6339 | D:8      | Maurice the glowing shapeshifter changed into Maurice the manticore
  6342 | D:8      | Noticed Maurice
  6342 | D:8      | Maurice the manticore changed into Maurice the eye of devastation
  6345 | D:8      | Found a staircase to the Lair.
  6345 | D:8      | XOM: 1-stop teleportation journey
  6406 | D:8      | XOM: give mutation
  6406 | D:8      | Gained mutation: You are resistant to hostile enchantments. (MR+) [Xom's mischief]
  6571 | D:8      | Lost mutation: Your magical capacity is low. (-10% MP) [potion of mutation]
  6766 | Lair:1   | Entered Level 1 of the Lair of Beasts
  6829 | D:8      | Reached skill level 1 in Maces & Flails
  6844 | D:8      | XOM: give mutations
  6844 | D:8      | Lost mutation: Your body often deteriorates upon taking damage. [Xom's mischief]
  6844 | D:8      | Gained mutation: You expend magic power (3 MP) to strengthen your wands. [Xom's mischief]
  6844 | D:8      | Lost mutation: You are weak. (Str -2) [Xom's mischief]
  6900 | D:8      | Noticed Maurice
  6900 | D:8      | Noticed Maurice
  6900 | D:8      | Maurice the ghost crab changed into Maurice the swamp dragon
  6901 | D:8      | Noticed Maurice
  6901 | D:8      | Maurice the swamp dragon changed into Maurice the elephant
  6902 | D:8      | Reached skill level 1 in Unarmed Combat
  6903 | D:8      | Noticed Maurice
  6903 | D:8      | Maurice the elephant changed into Maurice the ghost crab
  6906 | D:8      | Noticed a spectral anaconda
  6910 | D:8      | Noticed Maurice
  6910 | D:8      | Maurice the ghost crab changed into Maurice the elephant
  6912 | D:8      | Maurice the elephant changed into Maurice the floating eye
  7089 | D:8      | Reached skill level 9 in Axes
  7186 | D:8      | Got a steaming quarterstaff
  7328 | D:8      | XOM: silly message
  7330 | D:8      | XOM: silly message
  7380 | D:8      | XOM: cloud trail
  7629 | D:9      | Found a sparkling altar of Nemelex Xobeh.
  7658 | D:9      | XOM: divination: detect items
  7733 | D:9      | Found an iron altar of Okawaru.
  7741 | D:9      | XOM: mild Necr miscast
  7752 | D:9      | XOM: cast spell 'Summon Hydra'
  7753 | D:9      | Gained mutation: You have a pair of large horns on your head. [demonic ancestry]
  7753 | D:9      | Reached XP level 10. HP: 51/77 MP: 5/10
  7759 | D:9      | XOM: scenery: create altars
  7768 | D:9      | XOM: medium Summ miscast
  7952 | D:9      | XOM: harmless Divn miscast
  7973 | D:9      | Found Uxainayl's Distillery.
  7985 | D:9      | Bought a potion of might for 44 gold pieces
  7985 | D:9      | Bought a potion of heal wounds for 55 gold pieces
  7985 | D:9      | Bought a potion of heal wounds for 55 gold pieces
  7985 | D:9      | Bought a potion of heal wounds for 55 gold pieces
  8113 | D:10     | Entered Level 10 of the Dungeon
  8119 | D:10     | XOM: divine lightning (protected)
  8512 | D:10     | XOM: destruction
  8776 | D:10     | Found a staircase to the Orcish Mines.
  8777 | D:10     | XOM: smoke on damage
  8786 | Orc:1    | Entered Level 1 of the Orcish Mines
  8786 | Orc:1    | Noticed an orc knight
  8818 | D:10     | XOM: cleaving
  8849 | D:10     | Reached skill level 10 in Axes
  8886 | D:10     | XOM: 5-stop teleportation journey
  8987 | D:10     | XOM: noise
  8988 | D:10     | XOM: scenery: create altars
  9078 | D:10     | Noticed a gargoyle
  9083 | D:10     | Found Cedoes's Jewellery Boutique.
  9094 | D:10     | Killed a gargoyle
  9094 | D:10     | Gained mutation: You have very sharp fingernails. [demonic ancestry]
  9094 | D:10     | Reached XP level 11. HP: 62/85 MP: 9/11
  9326 | D:10     | XOM: scenery: create altars
  9350 | D:11     | Noticed a green ugly thing
  9353 | D:11     | XOM: medium Conj miscast
  9360 | D:11     | Killed a green ugly thing
  9380 | D:11     | XOM: harmless Tloc miscast
  9513 | D:11     | XOM: chaos cloud
  9597 | D:11     | Noticed a hill giant
  9608 | D:11     | Killed a hill giant
  9701 | D:11     | XOM: give mutations
  9701 | D:11     | Gained mutation: You are weak. (Str -2) [Xom's mischief]
  9701 | D:11     | Lost mutation: You are weak. (Str -2) [Xom's mischief]
  9882 | D:11     | Reached skill level 11 in Axes
  9944 | D:11     | XOM: god gift: 14 stones
  9997 | D:11     | Noticed a centaur warrior
 10009 | D:11     | Killed a centaur warrior
 10152 | D:11     | XOM: scenery: create altars
 10257 | D:12     | Noticed JDB's ghost (amateur MiBe)
 10265 | D:12     | Killed JDB's ghost
 10381 | D:12     | Noticed Azrael
 10384 | D:12     | XOM: 1-stop teleportation journey
 10403 | D:12     | XOM: god gift: scroll of teleportation
 10410 | D:12     | XOM: summons 8 friendly demons
 10519 | D:12     | XOM: potion effect (brilliance)
 10524 | D:12     | XOM: divination: detect creatures
 10626 | D:12     | XOM: harmless Tloc miscast
 10646 | D:12     | XOM: harmless Tloc miscast
 10650 | D:12     | XOM: silly message
 10656 | D:12     | Killed Azrael
 10662 | D:12     | XOM: smoke on damage
 10801 | D:12     | XOM: smoke on damage
 10899 | D:13     | XOM: harmless Summ miscast
 10900 | D:13     | Found a white marble altar of Elyvilon.
 10900 | D:13     | Noticed a storm dragon
 10901 | D:13     | Noticed a yaktaur captain
 10907 | D:13     | XOM: potion effect (experience)
 10907 | D:13     | Reached skill level 12 in Axes
 10907 | D:13     | Reached skill level 10 in Armour
 10907 | D:13     | Reached XP level 12. HP: 92/97 MP: 10/12
 10911 | D:13     | XOM: confusion (+ monsters)
 10965 | D:12     | XOM: harmless Necr miscast
 11204 | D:12     | XOM: butterfly on damage
 11206 | D:12     | XOM: polymorph cyclops -> moth of wrath
 11571 | D:10     | XOM: god gift: pair of embroidered boots {god gift}
 11586 | D:10     | Reached skill level 10 in Fighting
 11603 | D:10     | XOM: give mutations
 11603 | D:10     | Gained mutation: You have claws for feet. [Xom's grace]
 11603 | D:10     | Gained mutation: You are very agile. (Dex +4) [Xom's grace]
 11603 | D:10     | Gained mutation: You possess an exceptional clarity of mind. [Xom's grace]
 11603 | D:10     | Gained mutation: You are somewhat resistant to further mutation. [Xom's grace]
 12018 | Lair:1   | Got a thick robe
 12079 | Lair:1   | XOM: polymorph spiny frog -> guardian serpent
 12220 | Lair:1   | XOM: 1-stop teleportation journey
 12224 | Lair:1   | Mutation became permanent: You have claws for feet. [demonic ancestry]
 12224 | Lair:1   | Reached XP level 13. HP: 83/103 MP: 9/13
 12370 | Lair:1   | XOM: 2-stop teleportation journey
 12464 | Lair:1   | Reached skill level 13 in Axes
 12784 | Lair:1   | XOM: mild Pois miscast
 12819 | Lair:2   | XOM: harmless Air miscast
 13039 | Lair:2   | XOM: divination: detect creatures
 13281 | Lair:2   | XOM: harmless Pois miscast
 13538 | Lair:3   | XOM: harmless Hex miscast
 13763 | Lair:3   | XOM: harmless Air miscast
 13939 | Lair:3   | XOM: cloud trail
 14001 | Lair:3   | Noticed eggzz's ghost (journeyman VSFi)
 14013 | Lair:3   | Killed eggzz's ghost
 14112 | Lair:3   | XOM: silly message
 14131 | Lair:3   | XOM: enchant monster (bad)
 14316 | Lair:4   | Found a hole to the Spider Nest.
 14341 | Lair:4   | XOM: summons 6 hostile demons
 14503 | Lair:4   | XOM: mild Tmut miscast
 14643 | Lair:4   | XOM: noise
 14780 | Lair:4   | Reached skill level 14 in Axes
 14874 | Lair:4   | XOM: 4-stop teleportation journey
 15018 | Lair:5   | XOM: summons friendly iron imp
 15022 | Lair:5   | Noticed a storm dragon
 15022 | Lair:5   | a five-headed hydra changed into a storm dragon
 15022 | Lair:5   | XOM: cleaving
 15027 | Lair:5   | XOM: fog
 15032 | Lair:5   | XOM: confuse monster(s)
 15036 | Lair:5   | Killed a storm dragon
 15036 | Lair:5   | Reached skill level 1 in Evocations
 15250 | Lair:5   | Found a staircase to the Slime Pits.
 15315 | Lair:5   | XOM: 3-stop teleportation journey
 15369 | Lair:5   | XOM: smoke on damage
 15522 | Lair:5   | XOM: scenery: create altars
 15581 | Lair:5   | XOM is BORED!
 15581 | Lair:5   | XOM: give mutation
 15581 | Lair:5   | Lost mutation: You are resistant to hostile enchantments. (MR+) [Xom's mischief]
 15595 | Lair:5   | XOM: cloud trail
 15645 | Lair:6   | Entered Level 6 of the Lair of Beasts
 15651 | Lair:6   | Reached XP level 14. HP: 106/113 MP: 14/14
 15656 | Lair:6   | XOM: summons 2 friendly demons
 15785 | Lair:6   | XOM: fog
 16014 | Lair:6   | XOM: give mutations
 16014 | Lair:6   | Gained mutation: Your skin changes colour to match your surroundings (Stealth+). [Xom's grace]
 16014 | Lair:6   | Gained mutation: You are somewhat resistant to both further mutation and mutation removal. [Xom's grace]
 16072 | Lair:6   | XOM: polymorph elephant -> tarantella
 16113 | Lair:6   | XOM: scenery: 1 doors close
 16231 | Lair:6   | XOM: fog
 16235 | Lair:6   | XOM: god gift: crystal ball of energy
 16240 | Lair:6   | XOM: confuse monster(s)
 16265 | Lair:6   | XOM: enchant monster (good)
 16433 | Lair:6   | XOM: polymorph dire elephant -> dire elephant
 16711 | Lair:6   | XOM: god gift: 23 gold pieces
 16783 | Lair:6   | Reached skill level 15 in Axes
 16950 | Lair:6   | XOM: noise
 16974 | Lair:6   | XOM: scenery: create altars
 17089 | Lair:6   | XOM: divination: detect items
 17442 | Lair:6   | XOM: divination: detect creatures
 17693 | D:10     | Bought the amulet "Intoamna" {Reflect rF+ Str+4 Int+2 SH+3} for 774 gold pieces
 17929 | D:10     | XOM: scenery: create altars
 18094 | Orc:1    | Found a roughly hewn altar of Beogh.
 18226 | Orc:2    | Entered Level 2 of the Orcish Mines
 18226 | Orc:2    | Found a staircase to the Elven Halls.
 18229 | Orc:2    | XOM: confuse monster(s)
 18268 | Elf:1    | Entered Level 1 of the Elven Halls
 18290 | Orc:2    | Found Qeuseum's Food Shoppe.
 18290 | Orc:2    | XOM: 2-stop teleportation journey
 18426 | Orc:2    | XOM: medium Chrm miscast
 18621 | Orc:2    | Found Meinn's Antique Weapon Shop.
 18894 | Orc:2    | Found Ziolugh's Antique Armour Shoppe.
 18902 | Orc:2    | XOM: confuse monster(s)
 18917 | Orc:2    | XOM: cast spell 'Excruciating Wounds'
 18919 | Orc:2    | XOM: cleaving
 19085 | Orc:2    | XOM: 1-stop teleportation journey
 19153 | Orc:2    | Noticed an orc warlord
 19158 | Orc:2    | XOM: potion effect (magic)
 19417 | Orc:1    | XOM: cast spell 'Death Channel'
 19423 | Orc:1    | Killed an orc warlord
 19691 | Orc:1    | XOM: summons 3 hostile demons
 19758 | Orc:1    | XOM: polymorph orc warrior -> sky beast
 20053 | Orc:2    | XOM: harmless Conj miscast
 20167 | Orc:2    | Found Ysoon's General Store.
 20181 | Orc:2    | Bought a scroll of recharging for 142 gold pieces
 20223 | Orc:2    | Found Qocadiz's Book Boutique.
 20569 | Orc:2    | XOM: stat loss: -1 Int (20/21)
 20604 | D:10     | XOM: god gift: translucent buckler {god gift}
 20605 | D:10     | Got a translucent buckler {god gift}
 20611 | D:10     | Identified the +3 buckler of Mijaoxok {-Cast rCorr SInv} (Xom gifted it to you on level 10 of the Dungeon)
 20707 | Orc:2    | XOM: 7-stop teleportation journey
 20718 | Orc:2    | XOM: god gift: book of Flames
 20741 | Orc:2    | XOM: god gift: 46 gold pieces
 20857 | Orc:2    | XOM: harmless Fire miscast
 21115 | Slime:1  | Entered Level 1 of the Pits of Slime
 21139 | Slime:1  | Gained mutation: You regenerate magic rapidly. [demonic ancestry]
 21139 | Slime:1  | Reached XP level 15. HP: 99/122 MP: 11/15
 21204 | Slime:1  | XOM: 6-stop teleportation journey
 21390 | Slime:1  | XOM: divination: magic mapping
 21611 | Slime:2  | XOM: harmless Divn miscast
 21651 | Slime:2  | Reached skill level 1 in Shields
 21724 | Slime:2  | XOM: summons 2 friendly demons
 21739 | Slime:2  | Reached skill level 16 in Axes
 22040 | Slime:3  | Noticed an acid blob
 22046 | Slime:3  | Killed an acid blob
 22097 | Slime:3  | XOM: divination: detect items
 22147 | Slime:2  | Noticed an azure jelly
 22156 | Slime:2  | XOM: summons 12 friendly demons
 22162 | Slime:2  | Killed an azure jelly
 22529 | Slime:3  | XOM: polymorph golden eye -> ice beast
 22662 | Slime:3  | XOM: enchant monster (good)
 23020 | Slime:3  | XOM: give mutation
 23020 | Slime:3  | Gained mutation: You are robust. (+10% HP) [Xom's grace]
 23045 | Slime:4  | Noticed an azure jelly
 23045 | Slime:4  | Noticed an acid blob
 23045 | Slime:4  | Noticed an acid blob
 23048 | Slime:4  | XOM: butterfly on damage
 23050 | Slime:3  | XOM: cleaving
 23059 | Slime:3  | Killed an azure jelly
 23311 | Slime:3  | XOM: divine lightning
 23312 | Slime:3  | Killed an acid blob
 23320 | Slime:3  | XOM: potion effect (agility)
 23363 | Slime:3  | XOM: give mutation
 23363 | Slime:3  | Lost mutation: You possess an exceptional clarity of mind. [Xom's mischief]
 23559 | Slime:3  | XOM: summons 7 hostile demons
 23736 | Slime:4  | XOM: blink monster(s)
 23742 | Slime:3  | XOM: fog
 23744 | Slime:3  | Killed an acid blob
 23751 | Slime:3  | XOM: blink monster(s)
 23871 | Slime:3  | XOM: summons 6 hostile demons
 24006 | Slime:4  | XOM: medium Tmut miscast
 24194 | Slime:4  | XOM: 2-stop teleportation journey
 24195 | Slime:4  | Noticed an acid blob
 24195 | Slime:4  | Noticed an acid blob
 24195 | Slime:4  | Noticed an acid blob
 24195 | Slime:4  | Noticed an acid blob
 24196 | Slime:4  | XOM: give mutations
 24196 | Slime:4  | Gained mutation: Scrolls take you a little longer to read. [Xom's mischief]
 24196 | Slime:4  | Lost mutation: You are robust. (+10% HP) [Xom's mischief]
 24196 | Slime:4  | Lost mutation: You are somewhat resistant to both further mutation and mutation removal. [Xom's mischief]
 24196 | Slime:4  | Lost mutation: You are somewhat resistant to further mutation. [Xom's mischief]
 24200 | Slime:4  | Killed an acid blob
 24445 | Slime:4  | XOM: severe Fire miscast
 24564 | Slime:5  | Entered Level 5 of the Pits of Slime
 24589 | Slime:5  | Paralysed by a great orb of eyes for 7 turns
 24656 | Slime:5  | Noticed an acid blob
 24661 | Slime:5  | XOM: harmless Tloc miscast
 24674 | Slime:5  | Killed an acid blob
 24675 | Slime:5  | XOM: confusion
 24676 | Slime:5  | XOM: enchant monster (bad)
 24677 | Slime:5  | XOM: summons friendly white imp
 24681 | Slime:5  | XOM: cleaving
 24683 | Slime:5  | Paralysed by a great orb of eyes for 5 turns
 24686 | Slime:5  | XOM: enchant monster (good)
 24946 | Slime:5  | Noticed an acid blob
 24961 | Slime:5  | Killed an acid blob
 25190 | Slime:4  | XOM: medium Chrm miscast
 25219 | Slime:5  | XOM: cast spell 'Death Channel'
 25352 | Slime:5  | Noticed an azure jelly
 25355 | Slime:5  | XOM: polymorph slime creature -> faun
 25361 | Slime:5  | Killed an azure jelly
 25369 | Slime:5  | Gained mutation: When low on magic, you restore magic in place of health. [demonic ancestry]
 25369 | Slime:5  | Reached XP level 16. HP: 122/132 MP: 16/16
 25498 | Slime:5  | XOM: give mutations
 25498 | Slime:5  | Gained mutation: You have claws for hands. [Xom's grace]
 25498 | Slime:5  | Gained mutation: You passively map a small area around you. [Xom's grace]
 25498 | Slime:5  | Gained mutation: Your system is resistant to poisons. (rPois) [Xom's grace]
 25498 | Slime:5  | Gained mutation: You evolve. [Xom's grace]
 25567 | Slime:5  | Noticed an acid blob
 25568 | Slime:5  | Noticed an acid blob
 25579 | Slime:5  | XOM: smoke on damage
 25584 | Slime:5  | Noticed an acid blob
 25584 | Slime:5  | XOM: destruction
 25590 | Slime:5  | XOM: divination: magic mapping
 25594 | Slime:5  | XOM: scenery: create altars
 25599 | Slime:5  | Noticed an acid blob
 25601 | Slime:5  | XOM: fake destruction
 25604 | Slime:5  | Mangled by an acid blob

Skill      XL: |  1  2  3  4  5  6  7  8  9 10 11 12 13 14 15 16 |
---------------+-------------------------------------------------+-----
Axes           | 3 4 5 6 8 9 10 12 14 15 16 | 16.7
Dodging        | 1 |  1.8
Armour         | 2 3 4 6 7 8 10 11 13 14 | 14.0
Stealth        | 1 2 3 |  3.9
Fighting       | 4 5 6 7 9 10 11 12 13 | 13.8
Maces & Flails | 2 3 |  3.7
Unarmed Combat | 1 |  1.0
Evocations     | 1 |  1.3
Shields        | 3 |  3.6

Action                   |  1- 3 |  4- 6 |  7- 9 | 10-12 | 13-15 | 16-18 || total
-------------------------+-------+-------+-------+-------+-------+-------++-------
Melee: Hand axe          |   116 |   195 |   364 |       |       |       ||   675
       Headbutt          |    15 |    39 |    75 |    76 |   242 |     9 ||   456
       Kick              |       |     8 |       |    12 |   409 |    16 ||   445
       Flail             |       |       |    96 |    30 |       |       ||   126
       Unarmed           |       |       |    17 |       |       |       ||    17
       War axe           |       |       |       |   373 |   899 |    29 ||  1301
       Punch             |       |       |       |     1 |     4 |       ||     5
Evoke: Wand              |       |       |     1 |     3 |     7 |       ||    11
  Use: Scroll            |    12 |     6 |    14 |     7 |    13 |     1 ||    53
       Potion            |       |       |     4 |     4 |     7 |     1 ||    16
 Stab: Petrifying        |     1 |     3 |     1 |       |     2 |       ||     7
       Confused          |     1 |       |     1 |       |     5 |       ||     7
       Paralysed         |     1 |       |     3 |       |       |       ||     4
       Petrified         |       |     9 |       |       |       |       ||     9
       Sleeping          |       |       |     1 |     1 |       |       ||     2
       Invisible         |       |       |     3 |       |       |       ||     3
       Distracted        |       |       |       |       |     3 |       ||     3
  Eat: Bread ration      |       |     2 |     1 |     2 |     2 |       ||     7
       Fruit             |       |     1 |       |       |     1 |       ||     2
       Meat ration       |       |       |     3 |     1 |     5 |       ||     9
       Pizza             |       |       |       |       |     7 |       ||     7
       Beef jerky        |       |       |       |       |     5 |       ||     5
Armor: Leather armour    |    23 |       |       |       |       |       ||    23
       Plate armour      |    53 |   137 |   338 |   291 |   516 |    18 ||  1353
       Skin              |       |       |     5 |       |       |       ||     5
Dodge: Dodged            |    51 |    58 |   209 |   188 |   243 |    10 ||   759
Block: Other             |       |       |       |       |    14 |       ||    14
       Buckler           |       |       |       |       |    71 |    10 ||    81
       Reflection        |       |       |       |       |     2 |       ||     2
